 Dungeon Crawl Stone Soup version 0.17-a0-2064-g265a032 (webtiles) character file.

1839 pk666 the Protected (level 8, 0/75 HPs)
             Began as a Minotaur Fighter on Oct 13, 2015.
             Slain by a red ugly thing (7 damage)
             ... on level 5 of the Dungeon.
             The game lasted 00:17:29 (3974 turns).

pk666 the Protected (Minotaur Fighter)              Turns: 3974, Time: 00:17:32

Health: 0/75       AC: 10    Str: 27    XL:     8   Next: 87%
Magic:  7/7        EV:  9    Int:  7    God:
Gold:   145        SH: 12    Dex: 15    Spells: 0 memorised, 7 levels left

rFire  + + .     SeeInvis .     E - +3 broad axe of Komiyjig {flame, Int+2}
rCold  . . .     Clarity  .     u - +3 leather armour "Ruoros" {rF++}
rNeg   . . .     SustAt   .     l - +2 shield
rPois  .         Gourm    .     (helmet restricted)
rElec  .         Spirit   .     (no cloak)
rCorr  .         Warding  .     n - +0 pair of gloves
rMut   +         Stasis   .     j - +0 pair of boots
MR     .....                    y - amulet of resist mutation
Stlth  +.........               (no ring)
                                z - +4 ring of dexterity

@: mighty, not resistant to hostile enchantments, very unstealthy
A: retaliatory headbutt, horns 2
a: no special abilities


You were on level 5 of the Dungeon.
You were not hungry.

You visited 2 branches of the dungeon, and saw 7 of its levels.

You collected 307 gold pieces.
You spent 162 gold pieces at shops.

Inventory:

Hand Weapons
 a - a +0 war axe
 E - the +3 broad axe of Komiyjig (weapon) {flame, Int+2}
   (You bought it in a shop on level 6 of the Dungeon)

   It has been specially enchanted to burn those struck by it, causing extra
   injury to most foes and up to half again as much damage against particularly
   susceptible opponents.
   Big, fiery blades are also staple armaments of hydra-hunters.
   It affects your intelligence (+2).
Armour
 b - a +0 scale mail
 j - a +0 pair of boots (worn)
 l - a +2 shield (worn)
 n - a +0 pair of gloves (worn)
 u - the +3 leather armour "Ruoros" (worn) {rF++}
   (You found it on level 4 of the Dungeon)

   It greatly protects you from fire.
Jewellery
 v - an uncursed amulet of guardian spirit
 y - an amulet of resist mutation (around neck)
 z - a +4 ring of dexterity (left hand)
 B - a +3 ring of evasion {unknown}
Scrolls
 f - 7 scrolls of identify
 h - 5 scrolls of remove curse
 i - a scroll of fear
 k - a scroll of fog {unknown}
 m - a scroll of enchant armour {unknown}
 w - 2 scrolls of teleportation {unknown}
 C - a scroll of random uselessness {unknown}
Potions
 c - a potion of brilliance {unknown}
 d - 2 potions of might
 e - 2 potions of curing
 g - 3 potions of flight
 o - 2 potions of degeneration {unknown}
 p - 3 potions of heal wounds {unknown}
 r - a potion of invisibility {unknown}
 t - a potion of haste {unknown}
Books
 D - Sif Muna's Almanac of Shape Shifting
   (You found it on level 6 of the Dungeon)

   Spells                             Type                      Level
   a - Beastly Appendage              Transmutation                1
   b - Sticks to Snakes               Transmutation                2
   c - Spider Form                    Transmutation/Poison         3
   d - Blade Hands                    Transmutation                5
Comestibles
 q - 3 meat rations
 s - a beef jerky
 x - a bread ration
 A - 3 chunks of flesh


   Skills:
 + Level 8.5 Fighting
 + Level 8.2 Axes
 + Level 8.9 Armour
 - Level 4.2 Shields


You had 7 spell levels left.
You didn't know any spells.

Dungeon Overview and Level Annotations

Branches:
Dungeon (6/15)             Temple (1/1) D:5

Altars:
Cheibriados
Dithmenos
Elyvilon
Fedhas
Gozag
Kikubaaqudgha
Makhleb
Ru
Sif Muna
Trog
Yredelemnul
Zin
The Shining One

Shops:
D:6 (


Innate Abilities, Weirdness & Mutations

You reflexively headbutt those who attack you in melee.
You have a pair of horns on your head.


Message History

You are engulfed in flames.
You resist.
* * * LOW HITPOINT WARNING * * *
There is an open door here.
A big kobold opens the door.
There is a stone staircase leading up here.
The red ugly thing completely misses you.
You climb upwards.
There is a stone staircase leading down here.
Drink which item? (? for menu, Esc to quit)
You feel very mighty all of a sudden. The red ugly thing closely misses you.
You furiously retaliate!
You headbutt the red ugly thing!
Your shield prevents you from hitting the red ugly thing.
The red ugly thing is lightly wounded.
The red ugly thing punches you.
* * * LOW HITPOINT WARNING * * *
You are engulfed in flames.
You resist.
* * * LOW HITPOINT WARNING * * *
The red ugly thing punches you!
You die...

#..## ##.# ##...## ##..#
.######.)#..## ##..##
.......).....###..##
#####.....)...#..##
................##
.........[.....##
......#(.......####
....(((.........@u#
.##.#######.##....#########
............##............##
###########....#.########..#
.....# #....#.# ### ##.##
.⌠...# #...#######.####..#
.....# #...#.............#
.>.⌠.## #...#.#...........#
......# #...#..#..........#


You could see a red ugly thing.

Vanquished Creatures
  Sigmund (D:4)
  A wyvern (D:5)
  2 deep elf magi (D:6)
  Edmund (D:4)
  An ogre (D:5)
  A phantom (D:5)
  A sky beast (D:5)
  A scorpion (D:4)
  A crimson imp (D:5)
  A giant frog zombie (D:5)
  4 orc priests
  A giant frog skeleton (D:4)
  2 iguanas (D:6)
  A jelly (D:6)
  5 orc wizards
  A hound (D:5)
  Natasha (thrice) (D:3)
  A worker ant (D:6)
  A hound skeleton (D:6)
  5 adders
  7 gnolls
  A shadow imp (D:6)
  An adder skeleton (D:6)
  A worm (D:6)
  4 giant geckos
  24 orcs
  4 giant cockroaches
  8 hobgoblins
  6 jackals
  10 kobolds
  3 ball pythons
  7 bats
  A giant gecko skeleton (D:4)
  4 giant newts
  7 goblins
  8 rats
  3 plants (D:2)
134 creatures vanquished.

Vanquished Creatures (others)
  2 plants (D:2)
2 creatures vanquished.

Grand Total: 136 creatures vanquished

Notes
Turn   | Place    | Note
--------------------------------------------------------------
     0 | D:1      | pk666 the Minotaur Fighter began the quest for the Orb.
     0 | D:1      | Reached XP level 1. HP: 19/19 MP: 0/0
   206 | D:1      | Reached XP level 2. HP: 27/27 MP: 1/1
   211 | D:1      | Reached skill level 4 in Shields
   647 | D:2      | Reached XP level 3. HP: 33/33 MP: 2/2
   814 | D:2      | Reached XP level 4. HP: 40/40 MP: 3/3
  1431 | D:3      | Reached skill level 5 in Armour
  1431 | D:3      | Reached XP level 5. HP: 41/47 MP: 4/4
  1508 | D:3      | Noticed Natasha
  1516 | D:3      | Killed Natasha
  1516 | D:3      | Reached skill level 5 in Fighting
  1548 | D:3      | Noticed Natasha
  1554 | D:3      | Killed Natasha
  1841 | D:4      | Noticed Sigmund
  2059 | D:3      | Noticed Natasha
  2062 | D:3      | Killed Natasha
  2088 | D:4      | Reached XP level 6. HP: 49/56 MP: 5/5
  2094 | D:4      | Killed Sigmund
  2094 | D:4      | Reached skill level 5 in Axes
  2094 | D:4      | Reached skill level 6 in Armour
  2165 | D:4      | Reached XP level 7. HP: 31/62 MP: 3/6
  2413 | D:4      | Got a jewelled leather armour
  2424 | D:4      | Identified the +3 leather armour "Ruoros" {rF++} (You found it on level 4 of the Dungeon)
  2452 | D:4      | Noticed Edmund
  2482 | D:4      | Killed Edmund
  2627 | D:4      | Found a glowing silver altar of Zin.
  2812 | D:5      | Entered Level 5 of the Dungeon
  2870 | D:5      | Reached skill level 7 in Armour
  2909 | D:5      | Found a staircase to the Ecumenical Temple.
  2925 | D:5      | Reached XP level 8. HP: 60/73 MP: 7/7
  2940 | Temple   | Entered the Ecumenical Temple
  3198 | D:5      | Noticed a wyvern
  3208 | D:5      | Killed a wyvern
  3553 | D:5      | Reached skill level 8 in Armour
  3717 | D:5      | You fall through a shaft!
  3905 | D:6      | Identified Sif Muna's Almanac of Shape Shifting
  3926 | D:6      | Found Witoekir's Antique Weapon Emporium.
  3929 | D:6      | Bought a bloodstained broad axe for 162 gold pieces
  3929 | D:6      | Identified the +3 broad axe of Komiyjig {flame, Int+2} (You bought it in a shop on level 6 of the Dungeon)
  3947 | D:6      | Noticed a red ugly thing
  3974 | D:5      | Slain by a red ugly thing

Vault maps used:
D:1:      lemuel_arrival_rhombus, hex_large, minmay_crystal_water
D:2:      lexackson_kobold_supper
D:3:      uniq_natasha
D:4:      lemuel_doored_altar, first_bread, uniq_edmund, uniq_sigmund
D:5:      temple_fountains, hangedman_decor_opposing,
          nemelex_diamond_rough_becter
D:6:      hangedman_cross_stitches, kennysheep_mini_moat, serial_shops,
          nicolae_shop_behind_doors
Temple:   eino_narrow_crystal_temple_b_12

Action                   |  1- 3 |  4- 6 |  7- 9 || total
-------------------------+-------+-------+-------++-------
Melee: War axe           |    83 |   126 |   154 ||   363
       Broad axe         |       |       |    15 ||    15
  Use: Scroll            |       |     6 |       ||     6
       Potion            |       |       |     1 ||     1
  Eat: Chunk             |       |     2 |     4 ||     6
       Bread ration      |       |     1 |       ||     1
